 Dungeon Crawl Stone Soup version 0.28-a0-1087-gf3fc490d9d (webtiles) character file.

Game seed: 9676463783429441065

5931 ytrimaz the Martial Artist (level 10, -8/82 HPs)
             Began as an Octopode Transmuter on Dec 10, 2021.
             Was a Follower of Ashenzari.
             Mangled by an orc warrior (11 damage)
             ... on level 9 of the Dungeon.
             The game lasted 00:15:06 (15445 turns).

ytrimaz the Martial Artist (Octopode Transmuter)   Turns: 15445, Time: 00:15:07

Health: -8/82      AC:  8    Str: 12    XL:     10   Next: 83%
Magic:  19/21      EV: 15    Int: 20    God:    Ashenzari [*.....]
Gold:   468        SH:  0    Dex: 13    Spells: 14/24 levels left

rFire   x . .      SeeInvis .     - Unarmed
rCold   + + +      Faith    .   (shield currently unavailable)
rNeg    + + +      Spirit   .   (helmet currently unavailable)
rPois   +          Reflect  .   (no amulet)
rElec   +          Harm     .   c - ring of the Sibylline Dismay {Fly, Range, Melee} (curse)
rCorr   .          Rampage  .   i - ring of wizardry
Will    .....                   l - ring "Loss of Ashenzari" {rPois, Melee, Range} (curse)
Stlth   ++........              x - ring "Dismay of Ashenzari" {*Corrode rElec rN+++ EV+4 Str+3, Alch, Self} (curse)
HPRegen 0.23/turn               (no ring)
MPRegen 0.17/turn               (no ring)
                                (no ring)
                                (no ring)

@: lethally poisoned (-8 -> -20), ice-form, wereblooded, flying, invisible
A: freezing attack, boosted hp, almost no armour, amphibious, 8 rings, large,
(camouflage 1), (gelatinous body 1), (nimble swimmer 1), (tentacles)
a: End Transformation, Renounce Religion, Shatter the Chains


You were on level 9 of the Dungeon.
You worshipped Ashenzari.
Ashenzari was aware of your devotion.
You were a creature of crystalline ice.
You visited 2 branches of the dungeon, and saw 10 of its levels.
You also visited: Ossuary.

You collected 468 gold pieces.

Inventory:

Missiles
 s - 2 throwing nets
Jewellery
 c - the cursed ring of the Sibylline Dismay (left front paw) {Fly, Range, Melee}
   (You found it on level 4 of the Dungeon)

   [ring of flight]

   Fly:       It grants you flight.
   It has a curse which improves the following skills: Ranged Combat: Slings,
   Bows, Crossbows and Throwing.
   Melee Combat: Short Blades, Long Blades, Axes, Maces & Flails, Polearms,
   Staves and Unarmed Combat.
 i - a ring of wizardry (right front paw)
 l - the cursed ring "Loss of Ashenzari" (on tentacle) {rPois, Melee, Range}
   (You found it on level 5 of the Dungeon)

   [ring of poison resistance]

   rPois:     It protects you from poison.
   It has a curse which improves the following skills: Melee Combat: Short
   Blades, Long Blades, Axes, Maces & Flails, Polearms, Staves and Unarmed
   Combat.
   Ranged Combat: Slings, Bows, Crossbows and Throwing.
 x - the cursed ring "Dismay of Ashenzari" (on tentacle) {*Corrode rElec rN+++ EV+4 Str+3, Alch, Self}
   (You found it on level 8 of the Dungeon)

   [ring of evasion]

   EV:        It affects your evasion (+4).
   Str:       It affects your strength (+3).
   rElec:     It insulates you from electricity.
   rN:        It renders you almost immune to negative energy.
   *Corrode:  It may corrode you when you take damage.
   It has a curse which improves the following skills: Alchemy: Poison Magic and
   Transmutations.
   Introspection: Fighting and Spellcasting.
Wands
 g - a wand of flame (12)
 n - a wand of iceblast (2)
Scrolls
 a - 2 scrolls of teleportation
 f - a scroll of enchant weapon
 j - a scroll of magic mapping
 m - a scroll of amnesia
 t - a scroll of enchant armour
Potions
 b - a potion of cancellation
 d - 3 potions of brilliance
 h - 3 potions of magic
 k - a potion of haste
 o - a potion of lignification
 r - a potion of might
 u - a potion of ambrosia
 v - 3 potions of mutation


   Skills:
 * Level 5.9(6.9) Fighting
 - Level 3.6 Dodging
 - Level 4.0 Stealth
 + Level 9.3(11.0) Unarmed Combat
 * Level 6.5(7.5) Spellcasting
 * Level 6.6(7.6) Transmutations
 + Level 3.9 Ice Magic
 - Level 5.0(6.0) Poison Magic


You had 14 spell levels left.
You knew the following spells:

 Your Spells              Type           Power      Damage    Failure   Level
a - Beastly Appendage     Tmut           76%        N/A       1%          1
b - Wereblood             Tmut           38%        N/A       1%          2
c - Spider Form           Tmut/Pois      34%        N/A       1%          3
d - Ice Form              Ice/Tmut       30%        N/A       3%          4

Your spell library contained the following spells:

 Spells                   Type           Power      Damage    Failure   Level
 Ozocubu's Armour         Ice            23%        N/A       2%          3
 Foxfire                  Conj/Fire      28%        2x1d5     3%          1
 Petrify                  Tmut/Erth      22%        N/A       8%          4
 Call Canine Familiar     Summ           7%         N/A       11%         3
 Conjure Flame            Conj/Fire      7%         6-21      11%         3
 Dazzling Flash           Conj/Hex       14%        N/A       11%         3
 Inner Flame              Hex/Fire       7%         N/A       11%         3
 Portal Projectile        Hex/Tloc       14%        N/A       11%         3
 Flame Wave               Conj/Fire      7%         2d4       32%         4
 Leda's Liquefaction      Hex/Erth       3%         N/A       32%         4
 Metabolic Englaciation   Hex/Ice        7%         N/A       38%         5
 Agony                    Necr           7%         N/A       65%         5
 Silence                  Hex/Air        3%         N/A       65%         5
 Statue Form              Tmut/Erth      14%        N/A       71%         6
 Dispersal                Tloc           3%         N/A       99%         6
 Ozocubu's Refrigeration  Ice            11%        4d7       99%         7
 Disjunction              Tloc           3%         N/A       100%        8


Dungeon Overview and Level Annotations

Branches:
Dungeon (9/15)             Temple (1/1) D:5         Ossuary (visited)
   Lair: D:8-11         Orc: D:9-12

Altars:
Ashenzari
Cheibriados
Dithmenos
Elyvilon
Fedhas
Gozag
Hepliaklqana
Kikubaaqudgha
Makhleb
Nemelex Xobeh
Okawaru
Qazlal
Ru
Sif Muna
Trog
Uskayaw
Vehumet
Wu Jian
Xom
Yredelemnul
Zin
The Shining One

Shops:
D:1 (

Annotations:
D:5 1 runed translucent door, fragbeetle's ghost, amateur TrWr


Innate Abilities, Weirdness & Mutations

You are a creature of crystalline ice.
You have a powerful freezing melee attack.
Your maximum health is increased.
Your armour is entirely melded.
You are incapable of wielding weapons or throwing items.
You cannot wear most types of armour.
You are amphibious.
You can wear up to eight rings at the same time.
((Your skin changes colour to match your surroundings (Stealth+).))
((Your rubbery body absorbs attacks. (AC +1, EV +1)))
((You are camouflaged near water. (Stealth+)))
((You have tentacles for arms and can constrict up to eight enemies at once.))


Message History

You closely miss the hornet. The hornet stings you!
You are poisoned.
The hornet stings you. The orc warrior barely misses you.
You punch the hornet! You freeze the hornet.
The hornet is moderately wounded.
You feel very sick. The orc hits you but does no damage.
The orc priest invokes the aid of Beogh against you.
Beogh smites you! The hornet misses you.
You barely miss the hornet.
The hornet is moderately wounded.
You howl as the wereblood boils in your veins!
You feel sick.
The orc warrior hits you from afar with a +0 halberd!
The hornet completely misses you.
The orc priest invokes the aid of Beogh against you.
Beogh smites you!
You closely miss the hornet.
The hornet is moderately wounded.
You feel sick. The hornet stings you!
* * * LOW HITPOINT WARNING * * *
You are lethally poisoned!
The orc warrior misses you. The orc hits you but does no damage.
The orc priest closely misses you.
Unknown command.
You fade into invisibility!
You howl as the wereblood boils in your veins!
* * * LOW HITPOINT WARNING * * *
You feel very sick. The hornet misses you. The orc warrior closely misses you.
The hornet closely misses you. The orc hits you with a +0 mace.
* * * LOW HITPOINT WARNING * * *
The orc priest misses you.
You barely miss the hornet.
The hornet is moderately wounded.
* * * LOW HITPOINT WARNING * * *
You feel very sick. The hornet misses you.
The orc warrior hits you from afar with a +0 halberd!
You die...

... ..# #.. #....... ..
..##...
#........##.##....... #
#........#........... #
##......................
.......#.....o.(...... .
#..###.#....o........# .. #
####......... #oY.......#...
# .z..........# ##y##.##....
. .####....##.###KK##
#y.#### .
###............KKK###......#
.
........#....K..K...<.....!.
.
.................#....##....
. )).............###..K.#. .
.. ##..[..........###......
... ##.[.....#.......#...>..
...


You could see a hornet, an orc warrior, a kobold brigand, an orc priest, an orc
and 6 kobolds.

Vanquished Creatures
  Harold (D:7)
  A centaur warrior (D:8)
  A hydra (D:8)
  A gargoyle (D:8)
  Prince Ribbit (D:7)
  A steam dragon (D:7)
  A water moccasin (D:8)
  3 ice beasts
  An orc warrior (D:8)
  A black bear (D:8)
  A centaur (D:4)
  2 necrophages
  A phantom (D:5)
  A kobold brigand (D:8)
  A bullfrog (D:6)
  2 scorpions
  2 wyvern skeletons
  A wyvern zombie (D:8)
  3 water moccasin zombies
  A water moccasin skeleton (D:4)
  10 killer bees (D:9)
  12 wights
  A jelly (D:4)
  A howler monkey (D:8)
  3 centaur zombies
  A bullfrog zombie (D:6)
  6 orc priests
  4 hounds
  4 centaur skeletons
  Terence (D:2)
  4 orc wizards
  2 mummies (Ossuary)
  Robin (D:3)
  2 howler monkey zombies
  4 gnolls (D:4)
  2 adders
  An adder skeleton (D:4)
  6 adder zombies
  3 worms
  5 dart slugs
  21 orcs
  5 endoplasms
  4 giant cockroaches
  5 gnoll zombies (Ossuary)
  23 goblins
  7 hobgoblins
  14 jackals
  31 kobolds
  4 quokkas
  3 ball pythons
  4 bats
  4 frilled lizards
  8 hobgoblin zombies (Ossuary)
  7 kobold zombies (Ossuary)
  5 orc zombies (Ossuary)
  8 rats
253 creatures vanquished.

Vanquished Creatures (others)
  15 plants (D:8)
15 creatures vanquished.

Grand Total: 268 creatures vanquished

Notes
Turn   | Place    | Note
-------+----------+-------------------------------------------
     0 | D:1      | ytrimaz the Octopode Transmuter began the quest for the
                  | Orb.
     0 | D:1      | Reached XP level 1. HP: 13/13 MP: 3/3
    28 | D:1      | Reached skill level 1 in Stealth
   210 | D:1      | Reached XP level 2. HP: 14/18 MP: 5/5
   787 | D:1      | Reached XP level 3. HP: 23/23 MP: 6/6
   790 | D:1      | Learned a level 2 spell: Wereblood
   794 | D:1      | Learned a level 3 spell: Spider Form
   827 | D:1      | Found Siboreb's Antique Weapon Shop.
  1910 | D:2      | Found a faded altar of an unknown god.
  2302 | D:2      | Reached XP level 4. HP: 20/28 MP: 7/7
  2496 | D:2      | Noticed Terence
  2518 | D:2      | Killed Terence
  3920 | D:3      | Reached XP level 5. HP: 33/33 MP: 8/8
  4203 | D:3      | Noticed Robin
  4228 | D:3      | Killed Robin
  4905 | D:4      | Noticed a centaur
  4918 | D:4      | Killed a centaur
  4919 | D:4      | Reached skill level 1 in Poison Magic
  4919 | D:4      | Reached XP level 6. HP: 37/39 MP: 6/9
  4947 | D:4      | Reached skill level 4 in Unarmed Combat
  5048 | D:4      | Found a sand-covered staircase.
  5054 | Ossuary  | Entered an ossuary
  5060 | Ossuary  | Learned a level 4 spell: Ice Form
  5309 | Ossuary  | Reached XP level 7. HP: 43/45 MP: 9/11
  6960 | D:5      | Entered Level 5 of the Dungeon
  7011 | D:5      | Found a staircase to the Ecumenical Temple.
  7054 | D:5      | Found a runed translucent door.
  7466 | D:5      | Reached skill level 5 in Unarmed Combat
  7519 | D:5      | Noticed fragbeetle's ghost (amateur TrWr)
  7755 | D:5      | Found an ancient bone altar of Kikubaaqudgha.
  7797 | D:5      | Reached skill level 1 in Ice Magic
  7908 | D:5      | Reached XP level 8. HP: 52/52 MP: 7/13
  8525 | Temple   | Entered the Ecumenical Temple
  8906 | Temple   | Became a worshipper of Ashenzari the Shackled
  9658 | D:6      | Reached skill level 6 in Unarmed Combat
 10353 | D:7      | Noticed Harold
 10368 | D:7      | Killed Harold
 10369 | D:7      | Reached XP level 9. HP: 31/58 MP: 11/16
 10394 | D:7      | Reached skill level 7 in Unarmed Combat
 10779 | D:7      | Reached skill level 5 in Poison Magic
 10970 | D:7      | Identified the +1 scale mail of Acox {-Cast Str+5}
 10992 | D:7      | Noticed Prince Ribbit
 10999 | D:7      | Killed Prince Ribbit
 11158 | D:7      | Reached skill level 5 in Spellcasting
 11158 | D:7      | Reached skill level 5 in Transmutations
 11643 | D:8      | Noticed a seven-headed hydra
 11645 | D:8      | Noticed a centaur warrior
 11663 | D:8      | Noticed a gargoyle
 11665 | D:8      | Killed a centaur warrior
 11666 | D:8      | Reached skill level 5 in Fighting
 11666 | D:8      | Reached skill level 8 in Unarmed Combat
 11666 | D:8      | Reached XP level 10. HP: 21/66 MP: 15/18
 12341 | D:8      | Reached * piety under Ashenzari
 12915 | D:8      | Killed a seven-headed hydra
 13012 | D:8      | Killed a gargoyle
 13013 | D:8      | Reached skill level 9 in Unarmed Combat
 13270 | D:8      | Identified the ring of Xyciaj {*Corrode rElec rN+++ EV+4
                  | Str+3}
 14092 | D:8      | Identified the +0 ring mail "Vabemi" {+Blink rF- rCorr
                  | Int-2}
 14733 | D:8      | HP: 3/82 [killer bee (5)]
 14733 | D:8      | HP: 1/82 [killer bee (2)]
 15445 | D:9      | HP: 3/82 [poisoned by a hornet]
 15445 | D:9      | Mangled by an orc warrior

Illustrated notes

Levels and vault maps discovered:
D:1:      roderic_dead_forest, layout_basic, serial_shops, shop, serial_glass,
          glass_columns_a, glass_columns_a
D:2:      layout_basic, serial_glass, glass_columns_c, glass_columns_a,
          shapermc_ecumenical_altar_mp_highgroup, uniq_terence
D:3:      kennysheep_goblin_castle, layout_loops_corners
D:4:      layout_cave_pods, enter_ossuary_5, minmay_manual_mullet
D:5:      layout_basic, kennysheep_mini_moat, minmay_temple_entry_slanted,
          ebering_ghost_sewer_d
D:6:      layout_basic
D:7:      layout_basic, uniq_prince_ribbit1, uniq_harold
D:8:      kennysheep_kobold_camp, layout_cave_pods, minmay_radiant
D:9:      layout_cave_pools, grunt_ogre_cave
Temple:   mainiacjoe_temple_trianglar_array

Skill      XL: |  1  2  3  4  5  6  7  8  9 10 |
---------------+-------------------------------+-----
Stealth        | 1 2 3 4 |  4.0
Dodging        | 3 |  3.6
Poison Magic   | 1 2 3 4 5 |  5.0
Fighting       | 2 3 4 5 |  5.9
Unarmed Combat | 4 5 6 8 9 |  9.3
Transmutations | 3 4 5 6 |  6.6
Spellcasting   | 3 4 5 6 |  6.5
Ice Magic      | 1 2 3 |  3.9

Action                   |  1- 3 |  4- 6 |  7- 9 | 10-12 || total
-------------------------+-------+-------+-------+-------++-------
Melee: Unarmed           |   101 |   190 |   239 |   160 ||   690
       Constrict         |    30 |    36 |     7 |     1 ||    74
       Tentacles         |    18 |    26 |     8 |       ||    52
       Punch             |     5 |     1 |     2 |       ||     8
       Kick              |       |     3 |       |       ||     3
 Cast: Spider Form       |       |     2 |       |       ||     2
       Wereblood         |       |     3 |       |     6 ||     9
       Ice Form          |       |     2 |    28 |    19 ||    49
       Beastly Appendage |       |     1 |       |       ||     1
Invok: Curse Item        |       |       |     1 |     2 ||     3
  Use: Scroll            |     4 |     3 |    11 |     3 ||    21
       Potion            |     1 |     3 |     3 |     5 ||    12
 Stab: Sleeping          |     6 |     6 |     5 |       ||    17
       Distracted        |     1 |       |     1 |       ||     2
       Invisible         |       |       |     1 |       ||     1
Armor: Skin              |    10 |    32 |    62 |    50 ||   154
Dodge: Dodged            |    45 |   139 |    97 |   144 ||   425

Table legend: (Time is in decaauts)
 A = Elapsed time spent in this place.
 B = Non-inter-level travel time spent in this place.
 C = Inter-level travel time spent in this place.
 D = Time resting spent in this place.
 E = Time spent auto-exploring this place.
 F = Levels seen in this place.
 G = Mean time per level.
                   A        B        C        D        E       F      G
               +--------+--------+--------+--------+--------+-----+--------+
         Total |  15395 |  14974 |    421 |   2533 |  10391 |  11 | 1399.5 |
       Dungeon |  14179 |  13797 |    382 |   2129 |   9826 |   9 | 1575.4 |
        Temple |    404 |    365 |     39 |      0 |    363 |   1 |  404.0 |
       Ossuary |    811 |    811 |      0 |    404 |    202 |   1 |  811.0 |
               +--------+--------+--------+--------+--------+-----+--------+

Top non-repeatable levels by time:
     D:8: 3324 daAuts
     D:5: 1609 daAuts
     D:1: 1605 daAuts
     D:3: 1537 daAuts
     D:2: 1524 daAuts
     D:4: 1470 daAuts
     D:6: 1359 daAuts
     D:7: 1212 daAuts
 Ossuary: 811 daAuts
     D:9: 537 daAuts
  Temple: 404 daAuts
